Map: Catalyst LE

Players

TheZergLord

  • Race: Zerg Zerg
  • League: Master
  • Spawn Location: 11:00

puCK (Nina) - Winner!

  • Race: Protoss Protoss
  • League: Master
  • Spawn Location: 5:00

VOD

Have the link to the VOD?

Description

Time

  • Played on: Nov. 15, 2017, 12:42 a.m.
  • Length: 5:25
Show
View Real Time Build Order
Export as new Build Order

TheZergLord Zerg 

Build Orders: Pool First 

Get SALT Encoding   

  12  0:01  Drone  
  13  0:13  Overlord  
  13  0:17  Drone  
  14  0:32  Drone x2  
  14  0:35  Drone  
  17  0:47  Extractor  
  17  0:49  Drone  
  17  0:50  Spawning Pool  
  17  0:57  Drone  
  17  1:07  Drone  
  18  1:20  Hatchery  
  18  1:23  Drone  
  18  1:29  Drone  
  19  1:39  Queen  
  21  1:42  Zergling x2  
  22  1:48  Metabolic Boost  
  22  1:55  Overlord  
  22  2:05  Roach Warren  
  21  2:09  Drone  
  21  2:15  Overlord  
  21  2:47  Roach x5  
  33  2:51  Roach  
  33  2:52  Roach  
  35  2:59  Overlord  
  35  3:02  Roach  
  35  3:14  Zergling x2  
  35  3:15  Zergling x4  
  38  3:26  Zergling x6  
  41  3:32  Zergling x4  
  43  3:35  Ravager  
  43  3:40  Zergling x2  
  45  3:41  Zergling x2  
  46  3:58  Zergling x8  
  46  4:00  Ravager  
  51  4:17  Zergling x2  
  51  4:19  Overlord x2  
  52  4:36  Overlord  
Show
View Real Time Build Order
Export as new Build Order

puCK Protoss - Winner!

Build Orders: 1 Gate Expand 

Get SALT Encoding   

  12  0:00  Probe  
  13  0:12  Probe  
  14  0:21  Pylon  
  14  0:25  Probe  
  15  0:39  Probe (Chrono Boost)  
  15  0:41  Gateway  
  16  0:49  Probe (Chrono Boost)  
  17  0:51  Assimilator  
  17  0:53  Probe  
  18  1:05  Probe  
  19  1:24  Nexus  
  19  1:27  Probe  
  20  1:36  Cybernetics Core  
  20  1:39  Probe  
  21  1:48  Assimilator  
  21  1:51  Probe  
  22  1:57  Pylon  
  22  2:04  Probe  
  23  2:14  Warp Gate (Chrono Boost)  
  23  2:15  Adept (Chrono Boost)  
  23  2:16  Probe (Chrono Boost)  
  26  2:28  Probe (Chrono Boost)  
  27  2:36  Stalker (Chrono Boost)  
  29  2:37  Gateway  
  29  2:40  Probe x2  
  31  2:52  Probe  
  31  2:54  Sentry  
  31  2:55  Probe  
  35  3:04  Probe  
  36  3:07  Probe  
  35  3:13  Shield Battery  
  35  3:16  Shield Battery, Probe, Stargate  
  35  3:19  Probe  
  37  3:25  Sentry  
  39  3:29  Gateway  
  39  3:32  Pylon  
  39  3:34  Pylon  
  39  3:39  Probe  
  42  3:41  Probe  
  43  3:49  Pylon  
  43  3:58  Pylon  
  43  4:00  Pylon  
  42  4:05  Gateway, Sentry  
  42  4:08  Void Ray (Chrono Boost)  
  47  4:11  Probe  
  47  4:16  Pylon  
  48  4:18  Stalker  
  48  4:21  Probe  
  51  4:27  Stalker  
  51  4:28  Probe  
  54  4:35  Shield Battery  
  54  4:40  Cybernetics Core  
  54  4:53  Pylon  
  54  4:57  Pylon  
  52  5:03  Zealot  
  54  5:14  Zealot  
Tags
 
Add a new tag
Caveats
  • Supply blocks, unpowered buildings, or Contaminate may cause inaccurate times.
  • Supply counts are checked every 10 seconds.